 Dungeon Crawl Stone Soup version 0.29-a0-284-gf9362112df (webtiles) character file.

Game seed: 18111862214982390600

681108 jlumianski the Slayer (level 27, -7/385 (471) HPs)
             Began as a Demonspawn Fighter on Mar 11, 2022.
             Was a High Priest of Okawaru.
             Engulfed by a tainted leviathan's foul pestilence (14 damage)
             ... on level 1 of Tartarus on Mar 18, 2022.
             The game lasted 12:35:08 (86986 turns).

jlumianski the Slayer (Demonspawn Fighter)         Turns: 86986, Time: 12:35:08

HP:   -7/385 (471)  AC: 46    Str: 28 (29) XL:     27
MP:   0/12          EV: 12    Int: 12      God:    Okawaru [*****.]
Gold: 3181          SH: 17    Dex: 15      Spells: 26/26 levels left

rFire   + + .      SeeInvis +   U - +10 eveningstar of Sharkskin {antimagic, rF+ rC+ Int+2}
rCold   + + .      Faith    .   M - +2 kite shield {reflect}
rNeg    + + .      Spirit   +   A - +18 crystal plate armour of Hyri Dui {Rampage rPois}
rPois   +          Reflect  +   (helmet unavailable)
rElec   .          Harm     .   L - +2 cloak {rCorr}
rCorr   +          Rampage  +   s - +2 pair of gloves "Pacoiv" {rN++ Dex-2}
Will    +....      Rage     1%  a - +2 pair of boots {Stlth+}
Stlth   ..........              Z - amulet of Liuv Qua {RegenMP Regen+ Str+3}
HPRegen 1.54/turn               F - ring of fire
MPRegen 0.66/turn               E - ring of Ihyiz {Fly rC++ Slay+3}

@: berserking, flying, slowed, studying 5 skills, heavily drained, repel
missiles, weak-willed
A: antennae 3, repulsion field 3, ignite blood 3, robust 3, magic shield, magic
regeneration, magic link, claws 1, berserk 1, deformed body, deterioration 1,
dopey 1, mutation resistance 1, strong 1
}: 4/15 runes: serpentine, barnacled, slimy, silver
a: Renounce Religion, Heroism, Finesse, Duel


You were on level 1 of Tartarus.
You worshipped Okawaru.
Okawaru was extremely pleased with you.
You visited 16 branches of the dungeon, and saw 68 of its levels.
You visited the Abyss 2 times.
You visited 1 ziggurat, and saw 13 of its levels.
You also visited: Bailey, Ice Cave and Wizlab.

You collected 8455 gold pieces.
You spent 5274 gold pieces at shops.

Inventory:

Hand Weapons
 q - the +8 mithril axe "Arga" {speed, Will+}
   (Okawaru gifted it to you on level 3 of the Snake Pit)

   Attacks with this weapon are significantly faster.
   Will:      It increases your willpower.
 u - the +7 hunting sling "Wuomankocep" {speed, +Blink Will+}
   (You found it on level 2 of the Realm of Zot)

   Attacks with this weapon are significantly faster.
   +Blink:    It lets you blink.
   Will:      It increases your willpower.
 U - the +10 eveningstar of Sharkskin (weapon) {antimagic, rF+ rC+ Int+2}
   (You bought it in a shop on level 1 of the Orcish Mines)

   It reduces the magical energy of the wielder, and disrupts the spells and
   magical abilities of those it strikes.
   Natural abilities and divine invocations are not affected.
   Int:       It affects your intelligence (+2).
   rF:        It protects you from fire.
   rC:        It protects you from cold.
Missiles
 o - 5 silver boomerangs
 t - 46 boomerangs (quivered)
 K - 3 throwing nets
 T - 13 boomerangs of dispersal
 X - 28 silver javelins
Armour
 a - a +2 pair of boots of stealth (worn)
 s - the +2 pair of gloves "Pacoiv" (worn) {rN++ Dex-2}
   (Okawaru gifted it to you on level 2 of the Realm of Zot)

   Dex:       It affects your dexterity (-2).
   rN:        It greatly protects you from negative energy.
 z - the +2 pair of gloves of Appeaxt {Str+7}
   (Okawaru gifted it to you on level 4 of the Shoals)

   Str:       It affects your strength (+7).
 A - the +18 crystal plate armour of Hyri Dui (worn) {Rampage rPois}
   (Okawaru gifted it to you on level 2 of the Depths)

   rPois:     It protects you from poison.
   Rampage:   It bestows one free step when moving towards enemies.
 L - a +2 cloak of preservation (worn)
 M - a +2 kite shield of reflection (worn)
Jewellery
 l - a +4 ring of slaying
 E - the ring of Ihyiz (right hand) {Fly rC++ Slay+3}
   (You bought it in a shop on level 1 of the Shoals)

   [ring of flight]

   Slay:      It affects your accuracy & damage with ranged weapons and melee
   (+3).
   rC:        It greatly protects you from cold.
   Fly:       It grants you flight.
 F - a ring of fire (left hand)
 Z - the amulet of Liuv Qua (around neck) {RegenMP Regen+ Str+3}
   (You found it on level 6 of the Lair of Beasts)

   [amulet of magic regeneration]

   It increases your rate of magic regeneration.
   Str:       It affects your strength (+3).
   Regen:     It increases your rate of health regeneration.
Wands
 b - a wand of iceblast (52)
 i - a wand of acid (13)
 V - a wand of digging (3)
Scrolls
 c - 5 scrolls of fog
 k - 17 scrolls of teleportation
 m - 3 scrolls of silence
 x - 5 scrolls of blinking
 y - 10 scrolls of fear
 P - 5 scrolls of magic mapping
Potions
 g - 28 potions of curing
 h - 4 potions of resistance
 n - 6 potions of attraction
 p - a potion of berserk rage
 C - 4 potions of cancellation
 H - 5 potions of haste
 S - 3 potions of invisibility
Miscellaneous
 j - a phial of floods
 B - a tin of tremorstones (inert)
 O - a condenser vane (inert)
 Q - a lightning rod (4/4)


   Skills:
 + Level 25.4 Fighting
 - Level 15.7(18.0) Axes
 - Level 14.5(17.3) Maces & Flails
 - Level 0.3(8.5) Slings
 * Level 13.3 Throwing
 - Level 16.3 Armour
 + Level 5.0 Dodging
 + Level 18.6 Stealth
 + Level 20.4 Shields
 - Level 20.5 Invocations
 * Level 18.4 Evocations


You had 26 spell levels left.
You didn't know any spells.
Your spell library contained the following spells:

 Spells                   Type           Power      Damage    Failure   Level
 Apportation              Tloc           0%         N/A       100%        1
 Beastly Appendage        Tmut           0%         N/A       100%        1
 Foxfire                  Conj/Fire      0%         2x1d4     100%        1
 Freeze                   Ice            0%         1d3       100%        1
 Magic Dart               Conj           0%         1d3       100%        1
 Pain                     Necr           0%         1d4       100%        1
 Sandblast                Erth           0%         2d4       100%        1
 Shock                    Conj/Air       0%         1d3       100%        1
 Slow                     Hex            0%         N/A       100%        1
 Sting                    Tmut/Pois      0%         1d3       100%        1
 Blink                    Tloc           0%         N/A       100%        2
 Corpse Rot               Necr/Air       0%         N/A       100%        2
 Ensorcelled Hibernation  Hex/Ice        0%         N/A       100%        2
 Passwall                 Tmut/Erth      0%         N/A       100%        2
 Poisonous Vapours        Pois/Air       0%         N/A       100%        2
 Searing Ray              Conj           0%         2d4       100%        2
 Static Discharge         Conj/Air       0%         N/A       100%        2
 Sublimation of Blood     Necr           0%         N/A       100%        2
 Wereblood                Tmut           0%         N/A       100%        2
 Confusing Touch          Hex            0%         N/A       100%        3
 Dazzling Flash           Conj/Hex       0%         N/A       100%        3
 Frozen Ramparts          Ice            0%         1d2       100%        3
 Ignite Poison            Fire/Tmut/Pois 0%         N/A       100%        3
 Inner Flame              Hex/Fire       0%         N/A       100%        3
 Mephitic Cloud           Conj/Pois/Air  0%         N/A       100%        3
 Ozocubu's Armour         Ice            0%         N/A       100%        3
 Portal Projectile        Hex/Tloc       0%         N/A       100%        3
 Spider Form              Tmut/Pois      0%         N/A       100%        3
 Stone Arrow              Conj/Erth      0%         3d7       100%        3
 Swiftness                Air            0%         N/A       100%        3
 Vampiric Draining        Necr           0%         2d6       100%        3
 Airstrike                Air            0%         N/A       100%        4
 Anguish                  Hex/Necr       0%         N/A       100%        4
 Cause Fear               Hex            0%         N/A       100%        4
 Dispel Undead            Necr           0%         3d6       100%        4
 Flame Wave               Conj/Fire      0%         2d4       100%        4
 Fulminant Prism          Conj/Hex       0%         3d6       100%        4
 Hailstorm                Conj/Ice       0%         3d3       100%        4
 Ice Form                 Ice/Tmut       0%         N/A       100%        4
 Iskenderun's Mystic Bla  Conj/Tloc      0%         2d3       100%        4
 Leda's Liquefaction      Hex/Erth       0%         N/A       100%        4
 Passage of Golubria      Tloc           0%         N/A       100%        4
 Petrify                  Tmut/Erth      0%         N/A       100%        4
 Sticky Flame             Conj/Fire      0%         2d3       100%        4
 Agony                    Necr           0%         N/A       100%        5
 Alistair's Intoxication  Tmut/Pois      0%         N/A       100%        5
 Blade Hands              Tmut           0%         N/A       100%        5
 Borgnjor's Vile Clutch   Necr/Erth      0%         N/A       100%        5
 Excruciating Wounds      Necr           0%         N/A       100%        5
 Fireball                 Conj/Fire      0%         3d3       100%        5
 Freezing Cloud           Conj/Ice/Air   0%         6-21      100%        5
 Irradiate                Conj/Tmut      0%         3d13      100%        5
 Iskenderun's Battlesphe  Conj           0%         2d6       100%        5
 Lee's Rapid Deconstruct  Erth           0%         3d5*      100%        5
 Lightning Bolt           Conj/Air       0%         1d11      100%        5
 Manifold Assault         Tloc           0%         N/A       100%        5
 Metabolic Englaciation   Hex/Ice        0%         N/A       100%        5
 Silence                  Hex/Air        0%         N/A       100%        5
 Yara's Violent Unravell  Hex/Tmut       0%         3d3       100%        5
 Conjure Ball Lightning   Conj/Air       0%         3x3d6     100%        6
 Dispersal                Tloc           0%         N/A       100%        6
 Eringya's Noxious Bog    Tmut/Pois      0%         N/A       100%        6
 Iron Shot                Conj/Erth      0%         9d1       100%        6
 Starburst                Conj/Fire      0%         6d3       100%        6
 Statue Form              Tmut/Erth      0%         N/A       100%        6
 Dragon Form              Tmut           0%         N/A       100%        7
 Enfeeble                 Hex            0%         N/A       100%        7
 Orb of Destruction       Conj           0%         9d5       100%        7
 Ozocubu's Refrigeration  Ice            0%         4d5       100%        7
 Storm Form               Tmut/Air       0%         N/A       100%        7
 Borgnjor's Revivificati  Necr           0%         N/A       100%        8
 Discord                  Hex            0%         N/A       100%        8
 Disjunction              Tloc           0%         N/A       100%        8
 Ignition                 Fire           0%         3d3       100%        8
 Lehudib's Crystal Spear  Conj/Erth      0%         10d2      100%        8
 Maxwell's Capacitive Co  Air            0%         ∞         100%        8
 Necromutation            Tmut/Necr      0%         N/A       100%        8
 Chain Lightning          Conj/Air       0%         N/A       100%        9
 Death's Door             Necr           0%         N/A       100%        9
 Fire Storm               Conj/Fire      0%         5d1       100%        9
 Polar Vortex             Ice            0%         N/A       100%        9
 Shatter                  Erth           0%         3d5*      100%        9
 Call Imp                 Summ           Unusable   N/A       N/A         2
 Call Canine Familiar     Summ           Unusable   N/A       N/A         3
 Summon Guardian Golem    Hex/Summ       Unusable   N/A       N/A         3
 Tukima's Dance           Hex            Unusable   N/A       N/A         3
 Animate Armour           Summ/Erth      Unusable   N/A       N/A         4
 Animate Dead             Necr           Unusable   N/A       N/A         4
 Summon Ice Beast         Ice/Summ       Unusable   N/A       N/A         4
 Death Channel            Necr           Unusable   N/A       N/A         6
 Haunt                    Necr/Summ      Unusable   N/A       N/A         7
 Infestation              Necr           Unusable   N/A       N/A         8

Dungeon Overview and Level Annotations

Branches:
Dungeon (15/15)            Temple (1/1) D:5            Lair (6/6) D:8
 Shoals (4/4) Lair:2        Snake (4/4) Lair:3        Slime (5/5) Lair:5
    Orc (2/2) D:9             Elf (3/3) Orc:2        Vaults (5/5) D:13
  Crypt (0/3) Vaults:3     Depths (4/4) D:15           Hell (visited)
    Dis (1/7) Hell            Geh (7/7) Hell            Coc (4/7) Hell
    Tar (1/7) Hell            Zot (5/5) Depths:4     Bailey (visited)
  IceCv (visited)          WizLab (visited)

Altars:
Ashenzari
Cheibriados
Dithmenos
Elyvilon
Fedhas
Gozag
Hepliaklqana
Kikubaaqudgha
Makhleb
Nemelex Xobeh
Okawaru
Qazlal
Ru
Sif Muna
Trog
Uskayaw
Vehumet
Wu Jian
Xom
Yredelemnul
Zin
The Shining One
Jiyva

Shops:
D:6 :   Orc:1 (   Orc:2 (::[   Elf:1 ?(*   Elf:2 (   Elf:3 :   Shoals:1 =
Snake:2 =   Snake:4 *   Vaults:3 (   Depths:2 ([(   Depths:3 !   Depths:4 !=

Portals:
Hell: Depths:1 Depths:2 Depths:3 Depths:4
Abyss: Depths:2 Depths:3
Pandemonium: Depths:1 Depths:2 Depths:4
Trove: D:15 (give 8 scrolls of blinking)


Innate Abilities, Weirdness & Mutations

You have a pair of large antennae on your head. (SInv)
You are surrounded by a strong repulsion field. (EV +4, RMsl)
Your demonic aura causes all spilled blood to erupt in flames.
You are extremely robust. (+30% HP)
When hurt, damage is shared between your health and your magic reserves.
You regenerate magic rapidly.
When low on magic, you restore magic in place of health.
You have sharp fingernails.
You tend to lose your temper in combat.
Armour fits poorly on your strangely shaped body.
Your body sometimes deteriorates upon taking damage.
You are dopey. (Int -2)
You are somewhat resistant to further mutation.
Your muscles are strong. (Str +2)


Message History

The eidolon closely misses you. The eidolon hits you!
* * * LOW HITPOINT WARNING * * *
You feel weakened.
You block the tainted leviathan's attack.
The tainted leviathan hits you but does no damage.
The bone dragon bites you but does no damage.
The bone dragon claws you but does no damage.
You block the bone dragon's attack.
The bone dragon bites you but does no damage.
The bone dragon claws you but does no damage.
The bone dragon tramples you but does no damage.
Your magical effects are unravelling.
You feel magically purged.
You feel yourself speed up.
You break out of your daze.
Your fear fades away.
You block the spectral dire elephant's attack.
The spectral dire elephant trunk-slaps you but does no damage.
You block the tainted leviathan's attack. x2
The eidolon hits you!
* * * LOW HITPOINT WARNING * * *
The eidolon drains your vigour!
You feel yourself slow down. The eidolon barely misses you.
The bone dragon barely misses you. You block the bone dragon's attack.
The bone dragon tramples you.
* * * LOW HITPOINT WARNING * * *
You are shoved backwards!
The tormentor calls on the powers of darkness!
Your body is wracked with pain!
* * * LOW HITPOINT WARNING * * *
The Tzitzimitl calls on the powers of darkness!
Your body is wracked with pain!
* * * LOW HITPOINT WARNING * * *
The spectral dire elephant tramples you but does no damage.
The spectral dire elephant closely misses you.
The tainted leviathan hits you but does no damage. x2
Okay, then.
A red film seems to cover your vision as you go berserk!
You feel yourself moving faster!
You feel mighty!
You are engulfed in dark miasma.
You feel as though you will be slow longer.
You die...

########
#......#
##.....#
#......#
##.§§§.#
#.§§§D.#
#.§1WD@# {
#####.§§ZCZ#
#.#.#.§§§§2#
##..###.§.§§#
#....#......#
##...#..§§§.#
#....#..§§§.#
{#...###.§§§.#
#....#......#


You could see 2 bone dragons, a tainted leviathan, a Tzitzimitl, an eidolon, 2
spectral dire elephants and a tormentor.

Vanquished Creatures
  the Royal Jelly (Arena)
  5 dread liches
  9 ancient liches
  2 orbs of fire
  6 juggernauts
  Sojobo (Depths:1)
  2 shard shrikes (Coc:1)
  Vv (Depths:4)
  The ghost of Vuynal the Slayer, a legendary GrHu of Uskayaw (Zot:2)
  Vashnia (Snake:4)
  5 Killer Klowns
  Bai Suzhen (Snake:4)
  A pandemonium lord (Zig:13)
  7 caustic shrikes
  Geryon (Hell)
  Nikola (Snake:2)
  10 golden dragons
  A bone dragon (Tar:1)
  A doom hound (Tar:1)
  2 electric golems
  Jorgrun (D:12)
  11 tentacled monstrosities
  6 Brimstone Fiends
  3 iron giants (Zig:9)
  10 hellephants
  26 searing wretches
  7 Orb Guardians (Zot:5)
  A lich (Depths:2)
  A walking crystal tome (WizLab)
  2 Ice Fiends (Coc:2)
  2 deep elf blademasters (Elf:3)
  Asterion (Elf:2)
  2 deep elf master archers (Elf:3)
  13 titans
  19 acid blobs
  2 tentacled starspawn
  A walking frostbound tome (WizLab)
  5 quicksilver dragons
  4 sphinxes
  12 death cobs
  2 ancient champions
  A strange machine (WizLab)
  Kirke (D:13)
  10 storm dragons
  Frances (D:14)
  Gastronok (Lair:3)
  Roxanne (D:15)
  9 shadow dragons
  4 draconian monks
  9 azure jellies
  9 tengu reavers
  9 nagarajas
  The ghost of paterick123 the Nimble, an adept GnWn of Ru (Snake:3)
  8 fire giants
  2 narguns (Hell)
  3 revenants
  A draconian knight (Zot:3)
  6 rockslimes
  5 iron dragons
  29 balrugs
  16 frost giants
  8 draconian scorchers
  Louise (Shoals:3)
  4 orc warlords
  10 deep elf sorcerers
  Aizul (Snake:3)
  A ghost moth (Zot:2)
  2 shard shrike simulacra
  11 vault wardens
  3 cacodemons
  A quicksilver elemental (Zig:3)
  A ghoul (Zig:6)
  2 draconian stormcallers
  4 angels
  A draconian annihilator (Zot:1)
  3 demonspawn blood saints (Zig:13)
  2 deep elf elementalists
  21 very ugly things
  A draconian shifter (Zot:1)
  21 ironbound preservers
  A quicksilver ooze (shapeshifter) (Vaults:2)
  18 stone giants
  10 reapers
  5 quicksilver oozes
  5 war gargoyles
  4 ironbound thunderhulks
  5 vampire knights
  An ophan (Zig:1)
  6 elemental wellsprings
  9 deep elf annihilators
  2 lorocyprocas (Depths:1)
  7 deep elf demonologists
  2 wendigos
  6 white draconians
  8 black draconians
  5 green draconians
  8 dire elephants
  9 yellow draconians
  Azrael (D:15)
  7 purple draconians
  8 deep elf death magi
  4 spark wasps (Depths:4)
  3 crystal guardians
  Josephine (Orc:2)
  8 ettins
  The ghost of mathmaestro the Grappler, a journeyman TrMo (Lair:2)
  3 blizzard demons
  7 red draconians
  An iron golem (Zig:3)
  16 yaktaur captains
  3 fire dragons
  2 green deaths (Zig:13)
  11 merfolk impalers
  A kraken zombie (Hell)
  7 merfolk javelineers
  12 great orbs of eyes
  20 naga warriors
  2 deep elf high priests (Elf:3)
  8 rakshasas
  5 hydras
  2 caustic shrike simulacra (IceCv)
  A quicksilver dragon skeleton (Depths:1)
  28 vault guards
  11 ice dragons
  12 ironbound frosthearts
  16 salamander tyrants
  4 peacekeepers
  5 centaur warriors
  6 catoblepae
  4 ogre magi
  2 hell beasts
  A merfolk avatar (Shoals:4)
  Erica (D:8)
  5 boulder beetles
  6 spriggan air magi
  A juggernaut simulacrum (Coc:1)
  7 anacondas
  6 stokers
  9 merfolk aquamancers
  50 dancing weapons
  2 alligator snapping turtles
  16 two-headed ogres
  11 death yaks
  3 satyrs
  31 hell hogs
  10 orc high priests
  3 tengu warriors
  2 thrashing horrors (Abyss:2)
  6 vampire magi
  13 naga sharpshooters
  17 deep troll earth magi
  3 deep troll shamans
  2 sun demons (Hell)
  18 deep elf knights
  5 soul eaters
  Urug (D:11)
  9 hell knights
  13 shock serpents
  Sonja (Lair:4)
  A crystal echidna (Zig:3)
  3 spriggan berserkers
  2 spriggans (Depths:3)
  A storm dragon zombie (Depths:1)
  3 sixfirhies
  7 skeletal warriors
  A titan skeleton (Depths:1)
  4 shadow wraiths
  7 iron trolls
  A sea snake (shapeshifter) (Depths:1)
  2 wretched stars
  51 deep trolls
  5 obsidian statues
  2 spatial maelstroms (Abyss:5)
  6 glowing orange brains
  8 salamander mystics
  An anaconda skeleton (Hell)
  A lindwurm (shapeshifter) (Vaults:5)
  5 orange crystal statues
  7 sea snakes
  10 phantasmal warriors
  2 quicksilver dragon simulacra
  A harpy (shapeshifter) (Zot:1)
  4 spriggan simulacra
  An anaconda zombie (Hell)
  3 fenstrider witch simulacra (Coc:1)
  14 wizards
  11 naga ritualists
  8 orc knights
  16 ironbound convokers
  10 necromancers
  11 lindwurms
  14 mana vipers
  30 deep elf zephyrmancers
  20 deep elf archers
  11 orc sorcerers
  7 shining eyes
  31 deep elf pyromancers
  28 salamanders
  9 oklob plants (Zot:2)
  27 ugly things
  18 fauns
  A fire giant zombie (Depths:1)
  A spectral centaur (Tar:1)
  25 moths of wrath
  A stone giant zombie (Vaults:4)
  18 harpies
  15 manticores
  A human skeleton (Vaults:4)
  A salamander (shapeshifter) (Elf:2)
  3 elephants
  A fire giant skeleton (Vaults:3)
  14 cyclopes
  7 merfolk sirens
  5 rust devils
  A water nymph (shapeshifter) (Zot:1)
  An eye of devastation (Slime:5)
  5 guardian serpents
  3 ice statues
  12 water nymphs
  Maurice (D:10)
  2 titan simulacra
  A frost giant skeleton (Vaults:3)
  4 molten gargoyles
  15 vault sentinels
  41 black mambas
  A storm dragon simulacrum (Depths:1)
  21 naga magi
  A gargoyle (D:10)
  3 orange demons
  10 cane toads
  An emperor scorpion simulacrum (Coc:1)
  4 smoke demons
  2 demonic crawlers
  4 bunyip simulacra
  12 komodo dragons
  25 yaktaurs
  2 sea snake zombies (Hell)
  6 hellions
  3 hellwings (Depths:1)
  5 tengu conjurers
  10 freezing wraiths
  An ice devil (Abyss:2)
  7 rime drakes
  A kobold demonologist (D:10)
  4 tormentors
  7 anaconda simulacra
  A hydra zombie (Hell)
  A silent spectre (Tar:1)
  24 merfolk
  4 polar bears
  4 ancient zymes
  3 golden dragon simulacra
  2 queen bees
  A sea snake skeleton (Hell)
  A red devil (Depths:1)
  13 trolls
  A polar bear (shapeshifter) (Abyss:5)
  9 meliai
  4 hornets
  7 raiju
  Prince Ribbit (D:7)
  A snapping turtle (shapeshifter) (Depths:4)
  6 wind drakes
  104 slime creatures
  18 blink frogs
  2 hydra skeletons (Hell)
  19 dream sheep
  3 dream sheep (shapeshifter)
  A human simulacrum (Vaults:4)
  An alligator zombie (Hell)
  An ettin zombie (Vaults:4)
  5 flying skulls (Abyss:5)
  6 stone giant simulacra
  11 snapping turtles
  An iron dragon simulacrum (Coc:2)
  A spriggan zombie (Depths:1)
  Sigmund (D:6)
  A frost giant simulacrum (Vaults:3)
  10 air elementals
  2 jumping spiders (shapeshifter)
  2 shadows
  36 water elementals
  5 wraiths
  3 ynoxinuls
  4 wyverns
  47 yaks
  3 dire elephant simulacra
  2 humans (D:13)
  A hog (D:13)
  An alligator snapping turtle simulacrum (Coc:2)
  4 fire elementals
  5 vampire mosquitoes
  2 chaos spawn (Zot:1)
  5 neqoxecs
  A sea snake simulacrum (Hell)
  3 basilisks
  5 large abominations
  A yaktaur simulacrum (Vaults:4)
  5 harpy simulacra
  A steam dragon (Lair:4)
  5 wargs
  An acid dragon (shapeshifter) (Vaults:5)
  2 acid dragons
  55 nagas
  A water moccasin (shapeshifter) (D:15)
  17 water moccasins
  12 hell hounds
  3 ice beasts
  A sky beast (D:6)
  37 orc warriors
  2 black bears
  2 human zombies
  An ettin simulacrum (IceCv)
  28 ogres
  3 boggarts (Vaults:2)
  16 wolves
  5 centaurs
  4 kobold brigands
  12 bullfrogs
  A naga simulacrum (Coc:1)
  An earth elemental (Elf:3)
  2 gnoll sergeants
  A glowing shapeshifter simulacrum (Vaults:3)
  A scorpion (D:6)
  10 wights
  A swamp dragon simulacrum (Coc:1)
  53 killer bees
  3 lindwurm simulacra (IceCv)
  7 howler monkeys
  2 electric eels
  16 jellies
  A quasit (Abyss:2)
  A hound (D:6)
  17 orc priests
  3 gnoll shamans
  An iron imp (Abyss:2)
  2 iguanas
  29 orc wizards
  7 hell rats (Hell)
  3 small abominations (Abyss:2)
  32 gnolls
  10 adders
  A shadow imp (D:8)
  3 white imps
  3 ufetubi
  5 dart slugs
  92 orcs
  11 ball pythons
  10 endoplasms
  3 giant cockroaches (D:3)
  11 hobgoblins
  17 kobolds
  4 quokkas
  5 bats
  4 frilled lizards
  11 goblins
  6 rats
  2 bushes (Zot:2)
  3 creeping infernos
  28 fire vortices
  A lurking horror (Abyss:5)
  4 pillars of salt (Zot:1)
  2 plants
  A tentacle (Hell)
2756 creatures vanquished.

Vanquished Creatures (others)
  2 fire giants
  A blizzard demon (Depths:2)
  A juggernaut simulacrum (Coc:1)
  A stoker (Geh:7)
  A spriggan berserker (Depths:2)
  A deep elf knight (Elf:3)
  A deep troll (Vaults:4)
  A quicksilver dragon simulacrum (Coc:2)
  A spriggan simulacrum (Coc:4)
  A deep elf zephyrmancer (Elf:2)
  A moth of wrath (Zot:1)
  A naga mage (Snake:2)
  A tormentor (Coc:4)
  A stone giant simulacrum (Coc:2)
  A harpy simulacrum (Coc:4)
  A naga (Snake:2)
  An ogre (Zig:12)
  An ettin simulacrum (Coc:2)
  An orc (Orc:2)
  9 bushes (Zot:2)
  A creeping inferno (Geh:5)
  3 fire vortices
  49 fungi
  3 pillars of salt (Zot:1)
  139 plants
  2 starspawn tentacles (Abyss:2)
  7 tentacles (Hell)
233 creatures vanquished.

Grand Total: 2989 creatures vanquished

Notes
Turn   | Place    | Note
-------+----------+-------------------------------------------
     0 | D:1      | jlumianski the Demonspawn Fighter began the quest for the
                  | Orb.
     0 | D:1      | Reached XP level 1. HP: 18/18 MP: 1/1
   396 | D:1      | Gained mutation: You have a pair of small antennae on your
                  | head. [demonic ancestry]
   396 | D:1      | Reached XP level 2. HP: 16/24 MP: 2/2
  1041 | D:1      | Found a faded altar of an unknown god.
  1341 | D:2      | Gained mutation: Your demonic aura sometimes causes spilled
                  | blood to erupt in flames. [demonic ancestry]
  1341 | D:2      | Reached XP level 3. HP: 11/29 MP: 3/3
  1929 | D:2      | Gained mutation: You are surrounded by a mild repulsion
                  | field. (EV +2) [demonic ancestry]
  1929 | D:2      | Reached XP level 4. HP: 27/35 MP: 4/4
  2291 | D:2      | Identified the +2 dagger of Ziorgha {protect, rN++}
  2348 | D:2      | You fall into a shaft and drop 1 floor!
  3007 | D:2      | Gained mutation: You have a pair of antennae on your head.
                  | [demonic ancestry]
  3007 | D:2      | Reached XP level 5. HP: 31/41 MP: 5/5
  3577 | D:4      | Found the +3 woodcutter's axe {vorpal}
  3715 | D:4      | Noticed an orc warrior
  3724 | D:4      | Killed an orc warrior
  3725 | D:4      | Reached skill level 1 in Dodging
  3725 | D:4      | Gained mutation: You have a pair of large antennae on your
                  | head. (SInv) [demonic ancestry]
  3725 | D:4      | Reached XP level 6. HP: 6/48 MP: 6/6
  4320 | D:3      | Reached skill level 4 in Fighting
  4513 | D:4      | Reached skill level 5 in Axes
  4640 | D:5      | Entered Level 5 of the Dungeon
  4657 | D:5      | Reached XP level 7. HP: 37/54 MP: 7/7
  5021 | D:5      | Found a sacrificial altar of Ru.
  5021 | D:5      | Found a shadowy altar of Dithmenos.
  5340 | D:5      | Found a staircase to the Ecumenical Temple.
  5350 | Temple   | Entered the Ecumenical Temple
  6113 | D:4      | Reached skill level 1 in Throwing
  6513 | D:5      | Reached skill level 5 in Fighting
  6582 | D:6      | Noticed Sigmund
  6590 | D:6      | Killed Sigmund
  6591 | D:6      | Gained mutation: You regenerate magic rapidly. [demonic
                  | ancestry]
  6591 | D:6      | Reached XP level 8. HP: 62/62 MP: 8/8
  6803 | D:6      | Reached skill level 5 in Armour
  7669 | D:6      | Found Atse Mam's Book Shop.
  8268 | D:7      | Noticed Prince Ribbit
  8294 | D:7      | Killed Prince Ribbit
  8331 | D:7      | Found a flagged portal.
  8342 | Bailey   | Entered a bailey
  8603 | Bailey   | Reached XP level 9. HP: 69/69 MP: 9/9
  8673 | Bailey   | Found a large runed translucent door.
  8673 | Bailey   | Found a large runed translucent door.
  8673 | Bailey   | Noticed an orc knight
  8814 | Bailey   | Reached skill level 6 in Fighting
  8844 | Bailey   | Killed an orc knight
  8943 | Bailey   | Noticed a deep elf pyromancer
  8973 | Bailey   | Killed a deep elf pyromancer
  8990 | Bailey   | Identified the +0 chain mail of the Manifold Dances {Harm
                  | Rampage rC- Will+++}
  9272 | D:7      | Reached skill level 5 in Shields
  9508 | D:7      | Gained mutation: You are surrounded by a moderate repulsion
                  | field. (EV +3) [demonic ancestry]
  9508 | D:7      | Reached XP level 10. HP: 77/77 MP: 10/10
 10055 | D:8      | Reached skill level 7 in Fighting
 10279 | D:8      | Found a staircase to the Lair.
 10280 | D:8      | Noticed an elephant
 10361 | D:8      | Killed an elephant
 10417 | D:8      | Noticed Erica
 10433 | D:8      | Killed Erica
 10743 | D:8      | Reached skill level 1 in Stealth
 11072 | D:9      | Found a radiant altar of Vehumet.
 11205 | D:9      | Noticed a tengu warrior
 11348 | D:8      | Reached XP level 11. HP: 36/82 MP: 11/11
 11539 | Lair:1   | Entered Level 1 of the Lair of Beasts
 11539 | Lair:1   | You fall into a shaft and drop 1 floor!
 11592 | Lair:2   | Noticed a catoblepas
 11643 | Lair:1   | Reached skill level 1 in Evocations
 11670 | Lair:1   | Reached skill level 8 in Fighting
 11878 | Lair:1   | Identified the +1 robe of the Sun {Harm rElec rF+}
 12841 | D:9      | Killed a tengu warrior
 12842 | D:9      | Reached skill level 10 in Axes
 13382 | D:9      | Found a staircase to the Orcish Mines.
 13545 | D:10     | Entered Level 10 of the Dungeon
 14167 | D:10     | Noticed a two-headed ogre
 14177 | D:10     | Killed a two-headed ogre
 14335 | D:10     | Noticed Maurice
 14348 | D:10     | Killed Maurice
 14595 | D:10     | Found an iron altar of Okawaru.
 15138 | D:10     | Gained mutation: When hurt, damage is shared between your
                  | health and your magic reserves. [demonic ancestry]
 15138 | D:10     | Reached XP level 12. HP: 77/94 MP: 12/12
 15204 | D:11     | Noticed a two-headed ogre
 15217 | D:11     | Killed a two-headed ogre
 15302 | D:11     | Noticed Urug
 15322 | D:11     | Killed Urug
 15693 | D:10     | Became a worshipper of Warmaster Okawaru
 15918 | Orc:1    | Entered Level 1 of the Orcish Mines
 16357 | Orc:2    | Entered Level 2 of the Orcish Mines
 16389 | Orc:2    | Reached skill level 9 in Fighting
 16482 | Orc:2    | Noticed Josephine
 16492 | Orc:2    | Killed Josephine
 16493 | Orc:2    | Reached skill level 5 in Evocations
 16732 | D:9      | Reached * piety under Okawaru
 17150 | Orc:1    | Found Fyru's Antique Weapon Boutique.
 17158 | Orc:1    | Bought a masterwork eveningstar for 500 gold pieces
 17158 | Orc:1    | Identified the +10 eveningstar of Sharkskin {antimagic, rF+
                  | rC+ Int+2} (You bought it in a shop on level 1 of the
                  | Orcish Mines)
 17541 | Orc:2    | Reached ** piety under Okawaru
 17542 | Orc:2    | Reached skill level 1 in Maces & Flails
 17658 | Orc:2    | Reached skill level 10 in Armour
 17850 | Orc:2    | Found Gaowkami's Book Shop.
 17986 | Orc:2    | Noticed an orc high priest
 17987 | Orc:2    | Noticed an orc high priest
 18030 | Orc:2    | Gained mutation: You sometimes lose the ability to read
                  | scrolls when taking damage. [a neqoxec]
 18131 | D:8      | Lost mutation: You sometimes lose the ability to read
                  | scrolls when taking damage. [potion of mutation]
 18131 | D:8      | Gained mutation: Your spells are a little easier to cast,
                  | but a little less powerful. [potion of mutation]
 18131 | D:8      | Gained mutation: You are agile. (Dex +2) [potion of
                  | mutation]
 18131 | D:8      | Gained mutation: You have a somewhat thin skeletal
                  | structure. (Dex +2, Stealth+) [potion of mutation]
 18231 | Orc:2    | Killed an orc high priest
 18234 | Orc:2    | Killed an orc high priest
 18491 | Lair:2   | Killed a catoblepas
 18491 | Lair:2   | Reached *** piety under Okawaru
 18570 | Lair:2   | Found a staircase to the Shoals.
 18688 | Lair:2   | Found a runed translucent gate.
 18688 | Lair:2   | Found a runed translucent gate.
 18731 | Lair:2   | Found a runed translucent gate.
 18733 | Lair:2   | Noticed mathmaestro's ghost (journeyman TrMo)
 18733 | Lair:2   | Noticed a nine-headed hydra
 18817 | Lair:2   | Gained mutation: Your demonic aura often causes spilled
                  | blood to erupt in flames. [demonic ancestry]
 18817 | Lair:2   | Reached XP level 13. HP: 89/102 MP: 10/13
 18921 | Lair:2   | Paralysed by a hornet for 2 turns
 19538 | Orc:2    | Reached **** piety under Okawaru
 19759 | Orc:2    | Found Aneivica's Armour Boutique.
 19759 | Orc:2    | Found Nukh's Weapon Shoppe.
 19761 | Orc:2    | Found Ziusoedo's Magic Scroll Boutique.
 19761 | Orc:2    | Found Migy's Book Shoppe.
 20166 | D:12     | Noticed Jorgrun
 20181 | D:12     | Killed Jorgrun
 20182 | D:12     | Reached skill level 10 in Fighting
 20182 | D:12     | Reached skill level 1 in Invocations
 20363 | Orc:2    | Bought a +3 plate armour for 720 gold pieces
 20566 | Lair:3   | Received a gift from Okawaru
 20724 | Lair:3   | Noticed Gastronok
 20738 | Lair:3   | Killed Gastronok
 20738 | Lair:3   | Received a gift from Okawaru
 20982 | Lair:3   | Found a staircase to the Snake Pit.
 21425 | Lair:4   | Reached ***** piety under Okawaru
 21558 | Lair:4   | Noticed Sonja
 21563 | Lair:4   | Killed Sonja
 21720 | Lair:4   | Reached skill level 5 in Maces & Flails
 21950 | Lair:4   | Paralysed by a meliai for 6 turns
 22508 | Lair:4   | Received a gift from Okawaru
 22879 | Lair:4   | Reached XP level 14. HP: 111/111 MP: 5/15
 23073 | Lair:5   | Found a staircase to the Slime Pits.
 23138 | Lair:5   | Received a gift from Okawaru
 23151 | Lair:5   | Reached ****** piety under Okawaru
 23922 | Lair:6   | Entered Level 6 of the Lair of Beasts
 24590 | Lair:6   | Identified the +1 scale mail "Fett" {rPois rC+}
 24793 | Lair:6   | Received a gift from Okawaru
 24799 | Lair:6   | Reached skill level 10 in Maces & Flails
 24861 | Lair:6   | Identified the amulet of Liuv Qua {RegenMP Regen+ Str+3}
 26305 | D:13     | Gained mutation: You are robust. (+10% HP) [demonic
                  | ancestry]
 26305 | D:13     | Reached XP level 15. HP: 65/128 MP: 5/17
 26390 | D:13     | Noticed Kirke
 26403 | D:13     | Killed Kirke
 26403 | D:13     | Identified the +10 longbow of the Shore {freeze, rElec rC+
                  | Int+3 SInv} (Okawaru gifted it to you on level 13 of the
                  | Dungeon)
 26403 | D:13     | Received a gift from Okawaru
 26438 | D:13     | Reached skill level 11 in Fighting
 26610 | D:13     | Found a gate to the Vaults.
 26848 | D:13     | Received a gift from Okawaru
 27429 | D:14     | Noticed Frances
 27460 | D:14     | Killed Frances
 28337 | D:15     | Entered Level 15 of the Dungeon
 28400 | D:15     | Found a portal to a secret trove of treasure.
 28476 | D:15     | Found a frozen archway.
 28484 | IceCv    | Entered an ice cave
 28903 | IceCv    | Identified the +3 crystal plate armour of the Loofah {rC+
                  | Int+4} (Okawaru gifted it to you in an ice cave)
 28903 | IceCv    | Received a gift from Okawaru
 29096 | D:15     | Noticed Azrael
 29118 | D:15     | Killed Azrael
 29463 | D:15     | Identified Roxanne's Volume of the Dozen People
 29463 | D:15     | Noticed Roxanne
 29493 | D:15     | Killed Roxanne
 29699 | D:15     | Found a staircase to the Depths.
 30029 | Shoals:1 | Entered Level 1 of the Shoals
 30194 | Lair:2   | Killed mathmaestro's ghost
 30293 | Shoals:1 | Reached XP level 16. HP: 112/139 MP: 6/18
 30695 | Shoals:1 | Identified the +5 scale mail of the Comet {SInv} (Okawaru
                  | gifted it to you on level 1 of the Shoals)
 30695 | Shoals:1 | Received a gift from Okawaru
 30765 | Shoals:1 | Found Eru Nura's Jewellery Shop.
 30833 | Shoals:1 | Bought the ring of Ihyiz {Fly rC++ Slay+3} for 819 gold
                  | pieces
 30833 | Shoals:1 | Bought a ring of poison resistance for 300 gold pieces
 31828 | Shoals:2 | Reached skill level 5 in Invocations
 31898 | Shoals:2 | Reached skill level 12 in Fighting
 32053 | Shoals:2 | Reached skill level 10 in Evocations
 32948 | Shoals:3 | Noticed Louise
 32985 | Shoals:3 | Killed Louise
 33155 | Shoals:3 | Received a gift from Okawaru
 33475 | Shoals:3 | Received a gift from Okawaru
 33673 | Shoals:3 | Found a hide-covered altar of Uskayaw.
 33959 | Shoals:4 | Entered Level 4 of the Shoals
 34094 | Shoals:4 | Paralysed by an air elemental for 1 turns
 34100 | Shoals:4 | Received a gift from Okawaru
 34177 | Shoals:4 | Reached skill level 10 in Shields
 34338 | Shoals:4 | Paralysed by an air elemental for 1 turns
 34342 | Shoals:4 | Paralysed by an air elemental for 1 turns
 34344 | Shoals:4 | Identified the +2 pair of gloves of Poor Excuses {Dex+4
                  | SInv} (Okawaru gifted it to you on level 4 of the Shoals)
 34344 | Shoals:4 | Received a gift from Okawaru
 34475 | Shoals:4 | Paralysed by an air elemental for 1 turns
 34479 | Shoals:4 | Paralysed by an air elemental for 1 turns
 34523 | Shoals:4 | Identified the +1 falchion of Grandeur {protect, rC+ Int+4
                  | Dex+4}
 34771 | Shoals:4 | Paralysed by an air elemental for 1 turns
 34775 | Shoals:4 | Paralysed by an air elemental for 1 turns
 34777 | Shoals:4 | Paralysed by an air elemental for 1 turns
 34781 | Shoals:4 | Paralysed by an air elemental for 1 turns
 34784 | Shoals:4 | Paralysed by an air elemental for 1 turns
 34792 | Shoals:4 | Paralysed by an air elemental for 1 turns
 34795 | Shoals:4 | Gained mutation: You are surrounded by a strong repulsion
                  | field. (EV +4, RMsl) [demonic ancestry]
 34795 | Shoals:4 | Reached XP level 17. HP: 89/146 MP: 4/22
 34812 | Shoals:4 | Identified the +1 acid dragon scales of Claustrophobia
                  | {rPois rCorr}
 35232 | Shoals:4 | Got a barnacled rune of Zot
 35318 | Shoals:4 | Paralysed by an air elemental for 1 turns
 35323 | Shoals:4 | Paralysed by an air elemental for 1 turns
 35327 | Shoals:4 | Paralysed by an air elemental for 1 turns
 35414 | Shoals:4 | Identified the +2 quarterstaff "Icwank" {vorpal, Int-2
                  | Dex+5}
 35598 | Shoals:4 | Reached skill level 13 in Fighting
 35800 | Shoals:4 | Identified the +2 pair of gloves of Appeaxt {Str+7}
                  | (Okawaru gifted it to you on level 4 of the Shoals)
 35800 | Shoals:4 | Received a gift from Okawaru
 36167 | Snake:1  | Entered Level 1 of the Snake Pit
 36587 | Snake:1  | Identified a scroll of acquirement
 36588 | Snake:1  | Acquired 635 gold pieces
 36804 | Snake:2  | Noticed Nikola
 36826 | Snake:2  | Killed Nikola
 37806 | Snake:2  | Found Soetan's One-of-a-Kind Rings.
 38418 | Snake:3  | Reached skill level 14 in Fighting
 38645 | Snake:3  | Noticed Aizul
 38661 | Snake:3  | Killed Aizul
 38661 | Snake:3  | Received a gift from Okawaru
 38661 | Snake:3  | Found the +8 mithril axe "Arga" {speed, Will+}
 38662 | Snake:3  | Reached XP level 18. HP: 155/160 MP: 3/24
 38775 | Snake:3  | Found a runed translucent door.
 38778 | Snake:3  | Found a shimmering altar of Xom.
 38778 | Snake:3  | Noticed paterick123's ghost (adept GnWn)
 39048 | Snake:3  | Killed paterick123's ghost
 39088 | Snake:4  | Entered Level 4 of the Snake Pit
 39575 | Snake:4  | Found Sunkexod's Superlative Supplies.
 39701 | Snake:4  | Noticed Bai Suzhen
 39726 | Snake:4  | Killed Bai Suzhen
 39802 | Snake:4  | Identified the +1 robe of the Sea {rCorr MP+9} (Okawaru
                  | gifted it to you on level 4 of the Snake Pit)
 39802 | Snake:4  | Received a gift from Okawaru
 40268 | Snake:4  | Reached skill level 10 in Invocations
 40530 | Snake:4  | Bought a manual of Stealth for 1120 gold pieces
 41321 | Snake:3  | Reached skill level 15 in Fighting
 41577 | Snake:4  | Reached skill level 5 in Stealth
 41709 | Snake:4  | Received a gift from Okawaru
 41956 | Snake:4  | Noticed Vashnia
 41998 | Snake:4  | Killed Vashnia
 41999 | Snake:4  | Gained mutation: You are very robust. (+20% HP) [demonic
                  | ancestry]
 41999 | Snake:4  | Reached XP level 19. HP: 117/186 MP: 5/27
 42253 | Snake:4  | Got a serpentine rune of Zot
 42849 | Orc:2    | Found a staircase to the Elven Halls.
 42857 | Elf:1    | Entered Level 1 of the Elven Halls
 43020 | Elf:1    | Received a gift from Okawaru
 43025 | Elf:1    | Found Iggop's Assorted Antiques.
 43648 | Elf:1    | Found Esomn's Magic Scroll Emporium.
 43922 | Elf:1    | Found Wigempak's Weapon Shoppe.
 44073 | Elf:2    | Identified the +5 broad axe "Teajurey" {elec, rC+ Str-4
                  | Int+5} (Okawaru gifted it to you on level 2 of the Elven
                  | Halls)
 44073 | Elf:2    | Received a gift from Okawaru
 44112 | Elf:2    | Paralysed by an air elemental for 1 turns
 44119 | Elf:2    | Paralysed by an air elemental for 1 turns
 44443 | Elf:2    | Found Rathra's Weapon Emporium.
 44551 | Elf:2    | Found a runed translucent gate.
 44551 | Elf:2    | Found a runed translucent gate.
 44551 | Elf:2    | Found a runed translucent gate.
 44771 | Elf:2    | Identified the +0 kite shield "Aboyff" {Str+4 Int-5}
 44771 | Elf:2    | Noticed Asterion
 44786 | Elf:2    | Killed Asterion
 45053 | Elf:2    | Identified the +5 ring mail of Kedix {+Blink rC+} (Okawaru
                  | gifted it to you on level 2 of the Elven Halls)
 45053 | Elf:2    | Received a gift from Okawaru
 45642 | Elf:3    | Entered Level 3 of the Elven Halls
 45936 | Elf:3    | Paralysed by an air elemental for 1 turns
 46137 | Elf:3    | Reached skill level 16 in Fighting
 46140 | Elf:3    | Reached XP level 20. HP: 193/196 MP: 9/29
 46819 | Elf:3    | Identified the amulet "Zumneng" {Reflect Drain rF+ rC+ rN++
                  | SH+5}
 46994 | Elf:3    | Got the Volume of Congealing Displacement
 47040 | Elf:3    | Identified the +1 ring mail of Wigas {Dex+3}
 47058 | Elf:3    | Identified the +10 morningstar of the Eleven Loafs {freeze,
                  | *Noise Dex+3 SInv Stlth+}
 47060 | Elf:3    | Got the Compendium of Enchanting Feathers
 47069 | Elf:3    | Identified the +1 falchion of Noon {flame, rElec Int+9
                  | Dex-2 SInv}
 47198 | Elf:3    | Found Takiromn's Self-Improvement Boutique.
 47856 | D:8      | Acquired 744 gold pieces
 48002 | Vaults:1 | Entered Level 1 of the Vaults
 48233 | Vaults:1 | Reached skill level 15 in Armour
 48609 | Vaults:1 | Reached skill level 5 in Dodging
 48672 | Vaults:1 | Reached skill level 10 in Stealth
 48807 | Vaults:1 | Received a gift from Okawaru
 49461 | Vaults:2 | Received a gift from Okawaru
 50116 | Vaults:2 | Cast into level 2 of the Abyss (orc warlord)
 50449 | Abyss:2  | Gained mutation: Your magical capacity is low. (-10% MP) [a
                  | neqoxec]
 50639 | Vaults:2 | Escaped the Abyss
 50912 | Vaults:2 | Reached skill level 17 in Fighting
 50942 | Vaults:2 | Reached XP level 21. HP: 208/208 MP: 9/28
 51252 | Vaults:2 | Received a gift from Okawaru
 51934 | Vaults:3 | Identified the +3 great sword of the Crushed Beggars
                  | {vorpal, Str+4}
 52397 | Vaults:3 | Received a gift from Okawaru
 52568 | Vaults:3 | Found a staircase to the Crypt.
 52725 | Vaults:3 | Found Vont's Weapon Shop.
 52851 | Vaults:4 | Received a gift from Okawaru
 53313 | Vaults:4 | Paralysed by a great orb of eyes for 7 turns
 54125 | Vaults:4 | Identified the +1 scale mail of Hysteria {+Inv rElec Int-5
                  | Stlth+} (Okawaru gifted it to you on level 4 of the Vaults)
 54125 | Vaults:4 | Received a gift from Okawaru
 54733 | Vaults:5 | Entered Level 5 of the Vaults
 55442 | Vaults:5 | Reached skill level 15 in Evocations
 55442 | Vaults:5 | Gained mutation: Your demonic aura causes all spilled blood
                  | to erupt in flames. [demonic ancestry]
 55442 | Vaults:5 | Reached XP level 22. HP: 137/219 MP: 21/29
 55778 | Vaults:4 | Reached skill level 15 in Invocations
 56064 | Vaults:5 | Received a gift from Okawaru
 56145 | Vaults:5 | Identified the +7 broad axe of Wemabb {vorpal, rC+ Dex-4
                  | Stlth+}
 56165 | Vaults:5 | Reached skill level 5 in Throwing
 56172 | Vaults:5 | Noticed an ancient lich
 56181 | Vaults:5 | Noticed an ancient lich
 56541 | Depths:1 | Entered Level 1 of the Depths
 56643 | Depths:1 | Reached skill level 18 in Fighting
 56928 | Depths:1 | Noticed Sojobo
 56955 | Arena    | Entered the Arena
 57265 | Depths:1 | Found an opulent altar of Gozag.
 57390 | Depths:1 | Found a gateway to Hell.
 57652 | Depths:1 | Found a one-way gate leading to the halls of Pandemonium.
 57709 | Depths:1 | Identified the +8 fustibalus of the Hurting King {venom,
                  | rF+ Will+ MP+9 Dex-5} (Okawaru gifted it to you on level 1
                  | of the Depths)
 57709 | Depths:1 | Received a gift from Okawaru
 57894 | Depths:1 | Killed Sojobo
 58593 | Depths:2 | Identified the +4 mace "Kuhenuess" {holy, rC++ Str-2 Int+3
                  | Dex+3}
 58636 | Depths:2 | Reached skill level 15 in Axes
 58655 | Depths:2 | Found a hazy altar of Hepliaklqana.
 58712 | Depths:2 | Found Zaecs's Antique Weapon Boutique.
 58712 | Depths:2 | Found Pote Fay's Antique Armour Shop.
 58715 | Depths:2 | Found Oxkeu's Weapon Boutique.
 58845 | Depths:2 | Got the Tome of Destructive Evil Arts
 58877 | Depths:2 | Found a shimmering blue altar of Sif Muna.
 58914 | Depths:2 | Noticed a dread lich
 58916 | Depths:2 | Noticed an ancient lich
 58932 | Depths:2 | Killed an ancient lich
 58937 | Depths:2 | Killed a dread lich
 58984 | Depths:2 | Got the Papyrus of Conjuration
 59098 | Depths:2 | Identified the +18 crystal plate armour of Hyri Dui
                  | {Rampage rPois} (Okawaru gifted it to you on level 2 of the
                  | Depths)
 59098 | Depths:2 | Received a gift from Okawaru
 59125 | Depths:2 | Got the Papyrus of Enchanting Flames
 59183 | Depths:2 | Got the Papyrus of Attacks
 59208 | Depths:2 | Found a one-way gate to the infinite horrors of the Abyss.
 59407 | Depths:2 | Reached XP level 23. HP: 194/229 MP: 25/31
 59704 | Depths:2 | Got the Incunabulum of the Illusory People
 59939 | Depths:2 | Found a one-way gateway to a ziggurat.
 60669 | Depths:3 | Found Jogupnal's Distillery.
 60700 | Hell     | Entered the Vestibule of Hell
 60700 | Hell     | Noticed Geryon
 60722 | Depths:3 | Found a magical portal.
 60771 | WizLab   | Entered Tukima's Studio
 60815 | WizLab   | Noticed jlumianski's illusion
 60856 | WizLab   | Identified the +0 pair of gloves of the Ecumenical Temple
                  | {rF+ Int+4 Stlth+}
 61116 | Depths:3 | Reached skill level 15 in Shields
 61511 | Depths:3 | Noticed a caustic shrike
 61512 | Depths:3 | Noticed a juggernaut
 61534 | Depths:3 | Noticed a caustic shrike
 61550 | Depths:3 | Noticed a caustic shrike
 61632 | Depths:3 | Bought a potion of mutation for 144 gold pieces
 61859 | Depths:3 | Received a gift from Okawaru
 62017 | Depths:4 | Entered Level 4 of the Depths
 62022 | Depths:4 | Noticed a caustic shrike
 62022 | Depths:4 | Noticed a caustic shrike
 62025 | Depths:4 | Noticed a caustic shrike
 62028 | Depths:4 | Noticed a caustic shrike
 62041 | Depths:3 | Killed a caustic shrike
 62062 | Depths:4 | Killed a caustic shrike
 62064 | Depths:4 | Killed a caustic shrike
 62066 | Depths:4 | Killed a caustic shrike
 62080 | Depths:4 | Found Uriosm's Jewellery Shoppe.
 62088 | Depths:4 | Bought a +4 ring of slaying for 1326 gold pieces
 62143 | Depths:4 | Reached skill level 15 in Stealth
 62211 | Depths:4 | Found a basalt altar of Yredelemnul.
 62224 | Depths:4 | Noticed Vv
 62254 | Depths:4 | Killed Vv
 62272 | Depths:4 | Received a gift from Okawaru
 62281 | Depths:4 | Reached skill level 19 in Fighting
 62379 | Depths:4 | Found Luhug's Distillery.
 62392 | Depths:4 | Bought a potion of cancellation for 120 gold pieces
 62392 | Depths:4 | Bought a potion of heal wounds for 75 gold pieces
 62392 | Depths:4 | Bought a potion of heal wounds for 75 gold pieces
 62392 | Depths:4 | Bought a potion of heal wounds for 75 gold pieces
 62640 | Depths:4 | Found a gate to the Realm of Zot.
 62656 | Depths:4 | Noticed a juggernaut
 62894 | Depths:4 | Noticed a caustic shrike
 62895 | Depths:4 | Noticed a caustic shrike
 62899 | Depths:4 | Noticed a caustic shrike
 62901 | Depths:4 | Killed a caustic shrike
 62912 | Depths:4 | Killed a caustic shrike
 62912 | Depths:4 | Received a gift from Okawaru
 62915 | Depths:4 | Killed a caustic shrike
 63977 | Vaults:4 | Gained mutation: When low on magic, you restore magic in
                  | place of health. [demonic ancestry]
 63977 | Vaults:4 | Reached XP level 24. HP: 223/242 MP: 30/31
 63985 | Vaults:4 | Killed an ancient lich
 63985 | Vaults:4 | Identified the +8 chain mail of the Grinning Gods {rN+
                  | Regen+ Dex-5 Stlth+} (Okawaru gifted it to you on level 4
                  | of the Vaults)
 63985 | Vaults:4 | Received a gift from Okawaru
 63993 | Vaults:4 | Killed an ancient lich
 64209 | Vaults:5 | Reached skill level 20 in Fighting
 64321 | Vaults:5 | Noticed a dread lich
 64331 | Vaults:5 | Killed a dread lich
 64386 | Vaults:5 | Identified the +4 mace "Hellblazer" {freeze, rElec Str+3
                  | Dex-3}
 64386 | Vaults:5 | Identified the amulet "Najo" {Spirit Harm rPois Int-2
                  | Dex+8}
 64427 | Vaults:5 | Found the +14 obsidian axe {vorpal, Mesm Drain Fly SInv}
 64458 | Vaults:5 | Identified the +1 chain mail of Xom's Righteous Anger {Harm
                  | Int+5}
 64631 | Vaults:5 | Got a silver rune of Zot
 64642 | Vaults:5 | Identified the ring "Iguecol" {Will+ MP+9}
 65488 | Slime:1  | Entered Level 1 of the Pits of Slime
 65729 | Slime:2  | Gained mutation: You are weak. (Str -2) [a shining eye]
 65747 | Slime:2  | Lost mutation: You are weak. (Str -2) [a shining eye]
 65911 | Slime:5  | Entered Level 5 of the Pits of Slime
 65963 | Slime:5  | Gained mutation: You are dopey. (Int -2) [a shining eye]
 66014 | Slime:5  | Received a gift from Okawaru
 66075 | Slime:4  | Reached skill level 21 in Fighting
 66361 | Slime:5  | Gained mutation: You are very dopey. (Int -4) [a shining
                  | eye]
 66363 | Slime:5  | Gained mutation: You sometimes lose the ability to read
                  | scrolls when taking damage. [a shining eye]
 66530 | D:8      | Lost mutation: Your spells are a little easier to cast, but
                  | a little less powerful. [potion of mutation]
 66530 | D:8      | Lost mutation: You sometimes lose the ability to read
                  | scrolls when taking damage. [potion of mutation]
 66530 | D:8      | Lost mutation: You are agile. (Dex +2) [potion of mutation]
 66530 | D:8      | Gained mutation: You possess an exceptional clarity of
                  | mind. [potion of mutation]
 66688 | Slime:5  | Found a viscous altar of Jiyva.
 66690 | Slime:5  | Noticed the Royal Jelly
 66711 | Arena    | Entered the Arena
 66725 | Arena    | Killed the Royal Jelly
 66873 | Slime:5  | Gained mutation: Armour fits poorly on your strangely
                  | shaped body. [a shining eye]
 66962 | Slime:5  | Gained mutation: You sometimes lose the ability to read
                  | scrolls when taking damage. [a shining eye]
 66974 | Slime:5  | Identified the +1 robe of the Tundras {rCorr} (Okawaru
                  | gifted it to you on level 5 of the Pits of Slime)
 66974 | Slime:5  | Received a gift from Okawaru
 67017 | Slime:5  | Identified the +6 lajatang "Axampoca" {drain, rPois rN++
                  | Str-2 SInv}
 67023 | Slime:5  | Got Malel's Disquisition on the Captivating Escort
 67025 | Slime:5  | Identified the ring of Niunun {rN+ MP+9}
 67027 | Slime:5  | Identified the +10 great sword of Dishonesty {protect,
                  | Fragile rCorr Dex+4}
 67062 | Slime:5  | Got a slimy rune of Zot
 67324 | D:8      | Upgraded the game from 0.29-a0-275-g389c0b56f3 to
                  | 0.29-a0-284-gf9362112df
 67345 | D:8      | Acquired a +2 pair of boots of stealth
 67695 | Zot:1    | Entered Level 1 of the Realm of Zot
 67977 | Zot:1    | Found a shimmering altar of Xom.
 67977 | Zot:1    | Noticed a Killer Klown
 67977 | Zot:1    | Noticed a Killer Klown
 68010 | Zot:1    | Killed a Killer Klown
 68020 | Zot:1    | Killed a Killer Klown
 68039 | Zot:1    | Noticed a Killer Klown
 68055 | Zot:1    | Killed a Killer Klown
 68056 | Zot:1    | Noticed a Killer Klown
 68087 | Depths:4 | Killed a Killer Klown
 68231 | Zot:1    | Found a shimmering altar of Xom.
 68231 | Zot:1    | Found a shimmering altar of Xom.
 68231 | Zot:1    | Found a shimmering altar of Xom.
 68231 | Zot:1    | Found a shimmering altar of Xom.
 68236 | Zot:1    | Found a shimmering altar of Xom.
 68243 | Zot:1    | Found a shimmering altar of Xom.
 68731 | Depths:4 | Reached XP level 25. HP: 258/258 MP: 32/32
 69388 | Zot:1    | Noticed an orb of fire
 69610 | Zot:2    | Noticed an orb of fire
 69611 | Zot:2    | Gained mutation: Your flesh is heat resistant. (rF+) [an
                  | orb of fire]
 69619 | Zot:2    | Noticed a Killer Klown
 69625 | Zot:2    | Gained mutation: Your magical capacity is very low. (-20%
                  | MP) [an orb of fire]
 69627 | Zot:2    | Killed an orb of fire
 69639 | Zot:2    | Killed a Killer Klown
 70022 | D:8      | Lost mutation: You sometimes lose the ability to read
                  | scrolls when taking damage. [potion of mutation]
 70022 | D:8      | Lost mutation: You possess an exceptional clarity of mind.
                  | [potion of mutation]
 70022 | D:8      | Lost mutation: You have a somewhat thin skeletal structure.
                  | (Dex +2, Stealth+) [potion of mutation]
 70022 | D:8      | Gained mutation: You expend magic power (3 MP) to
                  | strengthen your wands. [potion of mutation]
 70023 | D:8      | Lost mutation: Your flesh is heat resistant. (rF+) [potion
                  | of mutation]
 70023 | D:8      | Lost mutation: You expend magic power (3 MP) to strengthen
                  | your wands. [potion of mutation]
 70023 | D:8      | Lost mutation: Your magical capacity is very low. (-20% MP)
                  | [potion of mutation]
 70024 | D:8      | Lost mutation: Your magical capacity is low. (-10% MP)
                  | [potion of mutation]
 70024 | D:8      | Lost mutation: Armour fits poorly on your strangely shaped
                  | body. [potion of mutation]
 70024 | D:8      | Lost mutation: You are very dopey. (Int -4) [potion of
                  | mutation]
 70024 | D:8      | Gained mutation: Your body sometimes deteriorates upon
                  | taking damage. [potion of mutation]
 70024 | D:8      | Gained mutation: You have a somewhat thin skeletal
                  | structure. (Dex +2, Stealth+) [potion of mutation]
 70024 | D:8      | Gained mutation: Your magical capacity is low. (-10% MP)
                  | [potion of mutation]
 70024 | D:8      | Gained mutation: Your muscles are strong. (Str +2) [potion
                  | of mutation]
 70025 | D:8      | Lost mutation: You are dopey. (Int -2) [potion of mutation]
 70025 | D:8      | Lost mutation: Your muscles are strong. (Str +2) [potion of
                  | mutation]
 70025 | D:8      | Lost mutation: Your magical capacity is low. (-10% MP)
                  | [potion of mutation]
 70025 | D:8      | Gained mutation: Your muscles are strong. (Str +2) [potion
                  | of mutation]
 70025 | D:8      | Gained mutation: Your muscles are very strong. (Str +4)
                  | [potion of mutation]
 70537 | Zot:2    | Found a runed translucent gate.
 70537 | Zot:2    | Found a runed translucent gate.
 70537 | Zot:2    | Found a runed translucent gate.
 70539 | Zot:2    | Noticed Vuynal's ghost (legendary GrHu)
 70572 | Zot:2    | Killed Vuynal's ghost
 70895 | Zot:2    | Identified the +2 pair of gloves "Pacoiv" {rN++ Dex-2}
                  | (Okawaru gifted it to you on level 2 of the Realm of Zot)
 70895 | Zot:2    | Received a gift from Okawaru
 71231 | Zot:2    | Reached skill level 22 in Fighting
 71339 | Zot:2    | Identified the +7 hunting sling "Wuomankocep" {speed,
                  | +Blink Will+}
 71909 | Zot:3    | Noticed an orb of fire
 71909 | Zot:3    | Lost mutation: Your muscles are very strong. (Str +4) [an
                  | orb of fire]
 71913 | Zot:3    | Gained mutation: You do not regenerate when monsters are
                  | visible. [an orb of fire]
 71928 | Zot:2    | Lost mutation: You have a somewhat thin skeletal structure.
                  | (Dex +2, Stealth+) [potion of mutation]
 71928 | Zot:2    | Lost mutation: You do not regenerate when monsters are
                  | visible. [potion of mutation]
 71928 | Zot:2    | Gained mutation: You have sharp fingernails. [potion of
                  | mutation]
 71928 | Zot:2    | Gained mutation: You are agile. (Dex +2) [potion of
                  | mutation]
 71933 | Zot:3    | Gained mutation: Armour fits poorly on your strangely
                  | shaped body. [an orb of fire]
 71947 | Zot:3    | Gained mutation: You are dopey. (Int -2) [an orb of fire]
 71948 | Zot:3    | Killed an orb of fire
 72505 | Zot:3    | Identified the ring of Nutenoich {Wiz rElec}
 72507 | Zot:3    | Identified the +0 scale mail of Tempters {-Cast rPois rC+}
 73320 | Zot:4    | Received a gift from Okawaru
 73879 | Zot:5    | Entered Level 5 of the Realm of Zot
 73894 | Zot:5    | Identified the +4 chain mail "Xomyst" {Harm rCorr}
 74651 | D:9      | Cast into level 5 of the Abyss (unwielding a weapon of
                  | distortion)
 74651 | Abyss:5  | Entered Level 5 of the Abyss
 74684 | Abyss:5  | Gained mutation: You are somewhat resistant to further
                  | mutation. [a neqoxec]
 74804 | D:9      | Escaped the Abyss
 75338 | Hell     | Killed Geryon
 75374 | Hell     | Gained mutation: You are extremely robust. (+30% HP)
                  | [demonic ancestry]
 75374 | Hell     | Reached XP level 26. HP: 103/293 MP: 15/36
 75393 | Depths:1 | Reached skill level 10 in Throwing
 76306 | Depths:1 | Received a gift from Okawaru
 76434 | Hell     | Found a gateway to the Iron City of Dis.
 76516 | Hell     | Found a gateway to the ashen valley of Gehenna.
 76611 | Hell     | Found a gateway to the decaying netherworld of Tartarus.
 76718 | Hell     | Found a gateway to the freezing wastes of Cocytus.
 76752 | Coc:1    | Entered Level 1 of Cocytus
 76811 | Coc:1    | Reached skill level 23 in Fighting
 77479 | Dis:1    | Entered Level 1 of the Iron City of Dis
 77808 | Coc:2    | Paralysed by a wendigo for 1 turns
 77810 | Coc:2    | Received a gift from Okawaru
 79405 | Geh:1    | Entered Level 1 of Gehenna
 79735 | Geh:3    | Received a gift from Okawaru
 80390 | Hell     | Identified the +1 scale mail of Kerha {rElec rPois Int+3
                  | Dex-3} (Okawaru gifted it to you in the Vestibule of Hell)
 80390 | Hell     | Received a gift from Okawaru
 81073 | Zig:1    | Entered Level 1 of a ziggurat
 81214 | Zig:2    | Entered Level 2 of a ziggurat
 81216 | Zig:2    | Lost mutation: You are agile. (Dex +2) [a shining eye]
 81233 | Zig:2    | Identified the +1 hand axe of Quantum Leap {freeze, rC-
                  | Str+5}
 81241 | Zig:3    | Entered Level 3 of a ziggurat
 81451 | Zig:4    | Entered Level 4 of a ziggurat
 81453 | Zig:4    | Noticed a juggernaut
 81454 | Zig:4    | Noticed a juggernaut
 81464 | Zig:4    | Killed a juggernaut
 81467 | Zig:4    | Killed a juggernaut
 81500 | Zig:5    | Entered Level 5 of a ziggurat
 81545 | Zig:5    | Got the Grimoire of Confrontation and Flames
 81552 | Zig:5    | Identified the +0 chain mail of Goga Qite {rPois rC++
                  | Stlth-}
 81561 | Zig:6    | Entered Level 6 of a ziggurat
 81620 | Zig:7    | Entered Level 7 of a ziggurat
 81740 | Zig:8    | Entered Level 8 of a ziggurat
 81744 | Zig:8    | Found the +6 lightning scales {swift, rElec}
 81809 | Zig:8    | Identified the +4 morningstar "Fytirus" {freeze, Dex+2}
 81926 | Zig:9    | Entered Level 9 of a ziggurat
 81933 | Zig:9    | Noticed a juggernaut
 81935 | Zig:9    | Noticed a juggernaut
 81944 | Zig:9    | Killed a juggernaut
 81960 | Zig:9    | Reached XP level 27. HP: 236/308 MP: 15/37
 81969 | Zig:9    | Killed a juggernaut
 81970 | Zig:9    | Reached skill level 24 in Fighting
 82011 | Zig:9    | Identified the +11 hand crossbow "Mudghaq" {speed, Int+2}
 82019 | Zig:9    | Identified the +9 plate armour "Lopur" {Str+2 Dex+3}
 82020 | Zig:9    | Identified the +10 short sword of the Stork {elec, rElec}
 82059 | Zig:10   | Entered Level 10 of a ziggurat
 82136 | Zig:10   | Identified the +6 hand axe "Niqun" {protect, Fragile Int+4}
 82295 | Zig:11   | Entered Level 11 of a ziggurat
 82507 | Zig:11   | Identified the +7 scale mail of the Hanged Man {Will+ Int+3
                  | Dex-5 SInv}
 82513 | Zig:11   | Got the Collected Works on Burning Orientation
 82526 | Zig:11   | Identified the +4 morningstar of Wondrous Power {vorpal,
                  | rPois rCorr Dex+2}
 82561 | Zig:12   | Entered Level 12 of a ziggurat
 82567 | Zig:12   | Noticed a juggernaut
 82568 | Zig:12   | Noticed a juggernaut
 82585 | Zig:12   | Killed a juggernaut
 82611 | Zig:12   | Identified the +0 chain mail of the Vestibule of Hell {rC+}
                  | (Okawaru gifted it to you on level 12 of a ziggurat)
 82611 | Zig:12   | Received a gift from Okawaru
 82617 | Zig:12   | Killed a juggernaut
 82757 | Zig:13   | Entered Level 13 of a ziggurat
 82780 | Zig:13   | Noticed Juvvel the pandemonium lord
 82812 | Zig:13   | Gained mutation: You tend to lose your temper in combat. [a
                  | cacodemon]
 82822 | Zig:13   | Killed Juvvel the pandemonium lord
 83523 | Tar:1    | Entered Level 1 of Tartarus
 84235 | Geh:4    | You are sucked into a shaft and drop 2 floors!
 84692 | Geh:4    | Noticed a dread lich
 84692 | Geh:4    | Noticed an ancient lich
 84694 | Geh:4    | Noticed a dread lich
 84713 | Geh:4    | Killed an ancient lich
 84714 | Geh:4    | Noticed an ancient lich
 84714 | Geh:4    | Noticed an ancient lich
 84729 | Geh:4    | Noticed a dread lich
 84730 | Geh:4    | Killed a dread lich
 84736 | Geh:4    | Killed an ancient lich
 84736 | Geh:4    | Noticed an ancient lich
 84746 | Geh:4    | Killed a dread lich
 84751 | Geh:4    | Killed an ancient lich
 84752 | Geh:4    | Noticed an ancient lich
 84756 | Geh:4    | Killed a dread lich
 84765 | Geh:4    | Killed an ancient lich
 84773 | Geh:4    | Killed an ancient lich
 84774 | Geh:4    | Reached skill level 25 in Fighting
 85574 | Geh:7    | Entered Level 7 of Gehenna
 85593 | Geh:7    | Received a gift from Okawaru
 86773 | Tar:1    | Noticed an ancient lich
 86980 | Tar:1    | Killed an ancient lich
 86983 | Tar:1    | HP: 12/257 [bone dragon[a doom hound] (6)]
 86985 | Tar:1    | HP: 5/257 [??? (1)]
 86986 | Tar:1    | Engulfed by a tainted leviathan's foul pestilence

Illustrated notes

Levels and vault maps discovered:
D:1:      grunt_arrival_crossed_arrows, layout_basic,
          ebering_ecumenical_altar_ruins
D:2:      layout_loops_cross, minmay_misc_feat_columns,
          chequers_serial_rivers_small_a, minmay_crystal_water
D:3:      minmay_angry_zag, layout_loops_ring
D:4:      layout_rooms
D:5:      layout_basic, grunt_temple_overflow_open,
          minmay_temple_entry_statues_pillars, st_stairs_8
D:6:      layout_layer_cave, serial_shops, shop, chequers_serial_rivers_room_b,
          patterned_corridor, uniq_sigmund
D:7:      layout_basic, enter_bailey_3, uniq_prince_ribbit1
D:8:      layout_basic, david_lair_generic, uniq_erica
D:9:      layout_cave_pools, lemuel_crystal_altar, hiddenorc1_lemuel,
          glass_columns_a
D:10:     layout_stronghold, nicolae_overflow_hidden_temple, uniq_maurice
D:11:     layout_irregular_city, uniq_urug
D:12:     layout_gridville, uniq_jorgrun
D:13:     layout_loops_ring, erik_vaults_1, special_room [special_room_bee],
          uniq_kirke
D:14:     layout_grid_maze, hex_tiny, uniq_frances
D:15:     grunt_enter_depths_hoard, layout_loops_cross,
          nicolae_trove_entry_free_sample, minivault_24,
          portal_ice_cave_entry_pillars_1, hangedman_abyss_or_decor_passed,
          minmay_misc_feat_more_columns, uniq_roxanne, uniq_azrael
Temple:   eino_narrow_crystal_temple
Lair:1:   layout_cave_pods, lemuel_fruit_tree, infiniplex_staircase_pool,
          grunt_megastairs_4
Lair:2:   layout_long_grid, minmay_shoals_entry_centaurs,
          gammafunk_ghost_hydra_chop, ldierk_geyser, beast_lair_carwin_9
Lair:3:   layout_misc_corridors, guppyfry_snake_entry_island, uniq_gastronok
Lair:4:   regret_index_tunnel_blossom, layout_regular_city, uniq_sonja
Lair:5:   layout_misc_corridors, minmay_slime_entry_jelly_boxes,
          serial_bayou_shore_a, grunt_megastairs_5
Lair:6:   evilmike_catoblepas_cave, layout_regular_city
Shoals:1: layout_shoals, serial_shops, shop, nicolae_splish_splash
Shoals:2: layout_shoals
Shoals:3: layout_shoals, regret_index_shoals_crete, uniq_louise
Shoals:4: shoals_end_hellmonk_storm_palace [storm_palace_center_ruins,
          storm_palace_corner_grid, storm_palace_corner_pillars,
          storm_palace_corner_blocked, storm_palace_corner_reverse_hut]
Snake:1:  layout_rooms, nicolae_coiled_stairwell_down
Snake:2:  layout_onion_interference, nicolae_shop_unique_rings,
          grunt_ministairs_9, uniq_nikola
Snake:3:  layout_cave_town, ebering_ghost_xom, uniq_aizul
Snake:4:  johnstein_snake_rune_scales, layout_misc_corridors,
          nicolae_alphabet_shops, nicolae_snake_storage_room, uniq_bai_suzhen
Slime:1:  layout_caves
Slime:2:  layout_caves
Slime:3:  layout_caves
Slime:4:  layout_caves
Slime:5
Orc:1:    layout_diamond_mine, serial_shops, shop
Orc:2:    grunt_orc_tribal_feast, layout_caves, serial_shops,
          nicolae_shop_behind_doors, nicolae_orc_pool_cavern, uniq_josephine
Elf:1:    eino_elf_arrival_the_gate, layout_loops_cross, serial_shops,
          nicolae_shop_advertising_works [nicolae_subvault_shop_adworks],
          shop_statue, nicolae_square_shop, evilmike_minifort
Elf:2:    elven_hall_of_blades_hangedman_original
          [nicolae_blade_entry_hurt_lockers], layout_rooms, serial_shops,
          nicolae_shop_bloodbath_and_beyond, uniq_asterion
Elf:3:    grunt_elf_hall_branching, layout_geoelf_castle, nicolae_shop_self_help
Vaults:1: vaults_standard_mumra_lines, vaults_room_hallway,
          nicolae_vaults_ring_of_whatevers, v_misc_14,
          nicolae_vaults_yaktaur_gun_rack, nicolae_vaults_theta,
          grunt_vaults_twisty, vaults_room_corners, vaults_dpeg_spiral,
          hangedman_vaults_maws, layout_vaults_omnigrid
Vaults:2: nicolae_vaults_little_squares_5, v_misc_11,
          nicolae_vaults_c_with_doors, hangedman_vaults_stitches,
          hangedman_vaults_corner, v_rooms_4, nicolae_vaults_twisting_passages,
          nicolae_vaults_puzzle_piece, vaults_mumra_lcd,
          nicolae_vaults_little_squares_4, vaults_room_pool,
          ontoclasm_vaults_loading_screen, layout_vaults_maze
Vaults:3: v_pattern_5, nicolae_vaults_mini_display_case, st_octagons_2,
          minmay_crypt_entry_simple_plaza, v_rooms_2,
          nicolae_vaults_little_squares_3, vaults_room_corners, v_rooms_5,
          hangedman_vaults_trim, grunt_vaults_hallway_long,
          layout_vaults_omnicross, serial_shops, shop
Vaults:4: vaults_dpeg_cross, nicolae_vaults_halls_meeting,
          vaults_room_fancy_cross, nicolae_vaults_stairing_the_circle,
          nicolae_vaults_little_squares_5, dpeg_vaults_monster_row,
          v_alt_pattern_2, vaults_room_door_ring, v_pattern_2,
          nicolae_vaults_network_star, serial_ice_b,
          nicolae_vaults_little_squares_3, layout_vaults_ring
Vaults:5
Depths:1: layout_gridlike, hell_entry, grunt_pan_entry_in_and_out,
          kennysheep_nub, grunt_gozag_breadcrumbs, grunt_megastairs_1,
          serial_bayou_shore_b, uniq_sojobo
Depths:2: evilmike_library_of_no_secrets, layout_long_grid, enter_ziggurat_c,
          nicolae_hepliaklqana_hazy_memory, pan_entry, abyss_entry,
          grunt_mini_vestibule, minmay_shop_star, infiniplex_staircase_zigzag_2
Depths:3: evilmike_inaccessible_box, layout_gridlike, hell_entry, abyss_entry,
          lightli_enter_wizlab_magi_temple, kennysheep_windowed_goal,
          infiniplex_staircase_squiggle, serial_bayou_shore_b,
          serial_bayou_shore_b, serial_bayou_shore_b
Depths:4: grunt_zot_entry_tricorne, layout_honeycomb, yredelemnul_altar_generic,
          serial_shops, shop, pf_coc_iceberg, pan_entry,
          minmay_shop_enchanted_jewellery, uniq_vv
Hell
Dis:1:    layout_jigsaw
Geh:1:    layout_gehenna_pools_triple
Geh:2:    layout_gehenna_lava_caves
Geh:3:    layout_gehenna_pools_triple
Geh:4:    layout_gehenna_lava_caves, nicolae_hells_leichenhalle
Geh:5:    nicolae_geh_erupted_tower, layout_gehenna_pools_box
Geh:6:    layout_gehenna_lava_caves, gehenna_fire_generator
Geh:7:    geh_old
Coc:1:    layout_cocytus_water_paths
Coc:2:    layout_cocytus_delve
Coc:3:    layout_ice_bergs
Coc:4:    layout_cocytus_water_paths
Tar:1:    layout_grid_maze
Zot:1:    dreamdust_zin_vs_xom, layout_gridlike, nrook_zot_tub
Zot:2:    grunt_zot_stairs_overgrown, layout_cellular_growth,
          ebering_ghost_rock_garden, skrybe_zot_glass_3
Zot:3:    kennysheep_oblong_rooms, layout_twisted_circle
Zot:4:    layout_cathedral_of_symmetry
Zot:5:    layout_misc_corridors

Skill      XL: |  1  2  3  4  5  6  7  8  9 10 11 12 13 14 15 16 17 18 19 20 21 22 23 24 25 26 27 |
---------------+----------------------------------------------------------------------------------+-----
Shields        | 3 4 5 6 7 8 9 10 11 12 13 14 15 16 18 19 20 | 20.4
Armour         | 3 4 6 7 8 9 10 11 12 13 14 15 16 | 16.3
Axes           | 2 3 4 5 6 7 8 9 10 11 12 13 14 15 | 15.7
Dodging        | 1 2 3 4 5 |  5.0
Fighting       | 4 5 6 7 8 9 10 11 12 14 15 16 17 18 19 21 22 23 25 | 25.4
Throwing       | 1 2 3 4 5 8 9 11 13 | 13.3
Stealth        | 1 2 5 8 10 12 14 15 16 17 18 | 18.6
Evocations     | 4 6 7 8 9 10 11 12 13 14 15 16 17 18 | 18.4
Maces & Flails | 2 6 10 13 14 | 14.5
Invocations    | 2 3 6 9 11 12 13 14 15 16 17 19 20 | 20.5
Slings         | |  0.3

Action                   |  1- 3 |  4- 6 |  7- 9 | 10-12 | 13-15 | 16-18 | 19-21 | 22-24 | 25-27 || total
-------------------------+-------+-------+-------+-------+-------+-------+-------+-------+-------++-------
Melee: War axe           |    81 |   152 |       |       |       |       |       |       |       ||   233
       Hand axe          |       |    11 |   338 |   945 |   153 |       |       |       |       ||  1447
       Eveningstar       |       |       |       |       |   948 |  1569 |  1317 |   509 |   933 ||  5276
       Broad axe         |       |       |       |       |       |       |    13 |  1081 |  1240 ||  2334
 Fire: Hunting sling     |       |       |       |       |       |       |       |       |     2 ||     2
Throw: Stone             |    22 |    11 |       |       |       |       |       |       |       ||    33
       Dart              |       |     9 |    19 |    20 |       |       |       |       |       ||    48
       Boomerang         |       |       |       |     7 |    38 |    20 |     9 |    34 |    67 ||   175
       Javelin           |       |       |       |       |       |       |       |     3 |       ||     3
Invok: Heroism           |       |       |       |     1 |    10 |    10 |     7 |     8 |    18 ||    54
       Finesse           |       |       |       |       |     8 |    13 |     9 |    12 |    19 ||    61
       Duel              |       |       |       |       |       |       |       |     2 |       ||     2
 Abil: Evoke Blink       |       |       |       |       |       |       |       |       |     6 ||     6
Evoke: Wand              |       |       |       |     6 |     3 |     1 |     1 |       |     3 ||    14
       Tin of tremorston |       |       |       |     2 |     2 |     2 |     4 |     3 |    10 ||    23
       Lightning rod     |       |       |       |       |     5 |       |       |     3 |     2 ||    10
       Condenser vane    |       |       |       |       |       |       |       |     1 |     2 ||     3
  Use: Scroll            |     4 |     7 |     4 |     6 |    11 |     7 |     3 |     8 |     5 ||    55
       Potion            |     1 |     1 |     1 |     7 |     9 |     3 |     2 |     8 |    17 ||    49
 Stab: Sleeping          |       |       |       |       |       |       |     1 |     2 |       ||     3
       Distracted        |       |       |       |       |       |       |     1 |       |       ||     1
       Invisible         |       |       |       |       |       |       |       |     3 |       ||     3
Armor: Scale mail        |    34 |    45 |       |       |       |       |       |       |       ||    79
       Plate armour      |       |    16 |   199 |       |   431 |       |       |       |       ||   646
       Chain mail        |       |       |    18 |   278 |    28 |       |   108 |       |       ||   432
       Crystal plate arm |       |       |       |       |    95 |   815 |   485 |   787 |  1161 ||  3343
Dodge: Dodged            |    43 |   104 |   114 |   499 |   716 |   657 |   519 |   536 |   722 ||  3910
       Repelled          |       |       |       |       |       |    46 |    36 |    29 |    38 ||   149
Block: Buckler           |    18 |    38 |    69 |   204 |   426 |   512 |       |       |       ||  1267
       Kite shield       |       |       |       |       |       |   116 |   801 |   905 |  1301 ||  3123
       Reflection        |       |       |       |       |       |    21 |    81 |    22 |    38 ||   162

Table legend: (Time is in decaauts)
 A = Elapsed time spent in this place.
 B = Non-inter-level travel time spent in this place.
 C = Inter-level travel time spent in this place.
 D = Time resting spent in this place.
 E = Time spent auto-exploring this place.
 F = Levels seen in this place.
 G = Mean time per level.
                   A        B        C        D        E       F      G
               +--------+--------+--------+--------+--------+-----+--------+
         Total |  84799 |  73629 |  11170 |   9821 |  26749 |  89 |  952.8 |
       Dungeon |  24064 |  18129 |   5935 |   1732 |   9784 |  15 | 1604.3 |
        Temple |    287 |    287 |      0 |      0 |    125 |   1 |  287.0 |
          Lair |   7630 |   6640 |    990 |    450 |   3387 |   6 | 1271.7 |
        Shoals |   5535 |   5381 |    154 |    537 |    734 |   4 | 1383.8 |
     Snake Pit |   6048 |   5979 |     69 |    761 |    999 |   4 | 1512.0 |
    Slime Pits |   1287 |   1255 |     32 |    269 |      0 |   5 |  257.4 |
  Orcish Mines |   3033 |   2744 |    289 |    138 |    501 |   2 | 1516.5 |
   Elven Halls |   4643 |   4522 |    121 |    695 |   1204 |   3 | 1547.7 |
        Vaults |   8572 |   7470 |   1102 |    615 |   3663 |   5 | 1714.4 |
        Depths |   7703 |   6490 |   1213 |   1335 |   2194 |   4 | 1925.8 |
          Hell |   2635 |   2552 |     83 |   1634 |    227 |   1 | 2635.0 |
           Dis |     25 |     25 |      0 |      0 |      0 |   1 |   25.0 |
       Gehenna |   2625 |   2024 |    601 |      0 |    824 |   7 |  375.0 |
       Cocytus |   1251 |   1170 |     81 |     90 |    715 |   4 |  312.8 |
      Tartarus |    113 |    113 |      0 |      0 |     16 |   1 |  113.0 |
           Zot |   5649 |   5154 |    495 |    543 |   2207 |   5 | 1129.8 |
         Abyss |    628 |    628 |      0 |     24 |    148 |   3 |  209.3 |
      Ziggurat |   1491 |   1491 |      0 |    700 |      0 |  13 |  114.7 |
        Bailey |    721 |    721 |      0 |     75 |      0 |   1 |  721.0 |
      Ice Cave |    594 |    594 |      0 |    222 |      0 |   1 |  594.0 |
        Wizlab |    216 |    216 |      0 |      0 |     20 |   1 |  216.0 |
         Arena |     38 |     38 |      0 |      0 |      0 |   2 |   19.0 |
               +--------+--------+--------+--------+--------+-----+--------+

Top non-repeatable levels by time:
     D:8: 3308 daAuts
Depths:1: 2998 daAuts
 Snake:4: 2738 daAuts
    Hell: 2635 daAuts
Vaults:4: 2272 daAuts
    D:10: 2201 daAuts
   Orc:2: 2058 daAuts
Vaults:3: 1987 daAuts
Depths:2: 1873 daAuts
    D:13: 1784 daAuts
Vaults:1: 1780 daAuts
   Elf:2: 1769 daAuts
   Zot:1: 1712 daAuts
    D:12: 1709 daAuts
Shoals:4: 1679 daAuts
